 Dungeon Crawl Stone Soup version 0.31-a0-1165-g196b491b36 (webtiles) character file.

Game seed: 10468218631010582264

108 Sweetruy1997 the Conjurer (level 4, -5/24 HPs)
             Began as a Deep Elf Conjurer on Dec 10, 2023.
             Slain by an ogre
             ... wielding a +0 giant club
              (27 damage)
             ... on level 3 of the Dungeon.
             The game lasted 00:06:40 (2286 turns).

Sweetruy1997 the Conjurer (Deep Elf Conjurer)       Turns: 2286, Time: 00:06:41

Health: -5/24      AC:  7    Str:  6    XL:     4   Next: 58%
Magic:  7/12       EV: 12    Int: 23    God:
Gold:   80         SH:  0    Dex: 13    Spells: 1/11 levels left

rFire   x . .        f - +0 dagger
rCold   + . .        (no shield)
rNeg    . . .        a - +0 robe
rPois   .            s - +0 helmet
rElec   .            t - +0 cloak
rCorr   .            q - +0 pair of gloves
SInv    .            (no boots)
Will    .....        (no amulet)
Stlth   ++           c - ring of ice
HPRegen 0.24/turn    (no ring)
MPRegen 0.13/turn

%: no passive effects
@: no status effects
A: iridescent scales 1
a: no special abilities


You were on level 3 of the Dungeon.
You visited 1 branch of the dungeon, and saw 3 of its levels.

You collected 80 gold pieces.

Inventory:

Hand Weapons
 f - a +0 dagger (weapon)
 r - the +4 hand axe of Dullness {flame, rC+ Int-4 Stlth+}
   (You found it on level 2 of the Dungeon)

   Int-4:     It affects your intelligence (-4).
   rC+:       It protects you from cold.
   Stlth+:    It makes you more stealthy.
Armour
 a - a +0 robe (worn)
 q - a +0 pair of gloves (worn)
 s - a +0 helmet (worn)
 t - a +0 cloak (worn)
Jewellery
 c - a ring of ice (left hand)
Scrolls
 e - 3 scrolls of immolation
 i - 2 scrolls of teleportation
 k - a scroll of acquirement {unknown}
 l - a scroll of noise {unknown}
 m - a scroll of enchant armour {unknown}
 n - a scroll of enchant weapon {unknown}
 o - a scroll of poison {unknown}
Potions
 b - a potion of magic
 d - a potion of brilliance {unknown}
 g - a potion of heal wounds
 h - 2 potions of might
 j - a potion of ambrosia {unknown}


   Skills:
 + Level 0.1 Short Blades
 + Level 2.8 Dodging
 + Level 2.9 Stealth
 + Level 4.2 Spellcasting
 + Level 5.7 Conjurations


You had one spell level left.
You knew the following spells:

 Your Spells              Type           Power      Damage    Failure   Level
a - Magic Dart            Conj           100%       1d8       1%          1
b - Searing Ray           Conj           62%        2d6       1%          2
c - Dazzling Flash        Conj/Hex       36%        N/A       10%         3
d - Fulminant Prism       Conj/Hex       9%         3d7       30%         4

Your spell library contained the following spells:

 Spells                   Type           Power      Damage    Failure   Level
 Iskenderun's Mystic Bla  Conj/Tloc      18%        2d6       30%         4


Dungeon Overview and Level Annotations

Branches:
Dungeon (3/15)

Altars:


Innate Abilities, Weirdness & Mutations

You are partially covered in iridescent scales. (AC +2)


Message History

A kobold comes into view. It is wielding a +0 club.
The magic dart hits the kobold.
You kill the kobold!
Found a stone staircase leading down.
You see here a +0 club.
You now have 80 gold pieces (gained 13).
Found a stone staircase leading up.
There is a stone staircase leading up here.
You open the door.
An ogre comes into view. It is wielding a +0 giant club.
There is an open door here.
Casting: Magic Dart (safe; 1% risk of failure)
Confirm with . or Enter, or press ? or * to list all spells.
Casting: Dazzling Flash (quite dangerous; 10% risk of failure)
Press: ? - help, Dir - look around, f - activate Sorry, you're not good enough to have a special ability.
Casting: Dazzling Flash (quite dangerous; 10% risk of failure)
Confirm with . or Enter, or press ? or * to list all spells.
Casting: Dazzling Flash (quite dangerous; 10% risk of failure)
Press: ? - help, Dir - look around, f - activate The ogre is dazzled.
The ogre completely misses you.
You barely miss the ogre. The ogre completely misses you.
You hit the ogre.
The ogre is lightly wounded.
You hit the ogre but do no damage.
The ogre is lightly wounded.
The ogre hits you with a +0 giant club!!
Ouch! That really hurt!
* * * LOW HITPOINT WARNING * * *
You feel much better. The ogre misses you.
You closely miss the ogre.
The ogre is lightly wounded.
You hit the ogre but do no damage.
The ogre is lightly wounded.
The ogre is no longer blind.
The ogre barely misses you.
You hit the ogre.
The ogre is lightly wounded.
The ogre hits you with a +0 giant club!!
Ouch! That really hurt!
You die...

.#.#.#.#.#.#.#.#.#
#.#.#.#.#.#.#.#.##
.#.#.#.#.#.#.#.#.#
#.#.#.#.#.#.#.#.##
.#.#.#.#.#.#.#.#.#
#.#.#.#.#.#.#.#.##
+#.#.#.#.#.#.#.#.#
..#.#.#.#.#.#.#.##
..+#.#.#.#.#.#+#@#
..#
#.>.#.#.#...O..#
+#.#
#.#.#.#+......# #
#.# #.#.#.#......#
# ## #### #......#
#......# #......#
#......#


You could see an ogre.

Vanquished Creatures
  An orc priest (D:3)
  2 adders
  A worm (D:2)
  A dart slug (D:1)
  4 orcs (D:3)
  5 ball pythons
  6 bats
  4 endoplasms
  A giant cockroach (D:1)
  6 goblins
  2 hobgoblins
  2 quokkas (D:1)
  A frilled lizard (D:1)
  6 kobolds
  5 rats
47 creatures vanquished.

Notes
Turn   | Place    | Note
-------+----------+-------------------------------------------
     0 | D:1      | Sweetruy1997 the Deep Elf Conjurer began the quest for the
                  | Orb.
     0 | D:1      | Reached XP level 1. HP: 10/10 MP: 6/6
   249 | D:1      | Reached XP level 2. HP: 13/15 MP: 6/8
   254 | D:1      | Learned a level 2 spell: Searing Ray
   947 | D:2      | Reached skill level 5 in Conjurations
   975 | D:2      | Reached XP level 3. HP: 19/19 MP: 8/10
  1487 | D:2      | Identified the +4 hand axe of Dullness {flame, rC+ Int-4
                  | Stlth+}
  1689 | D:3      | Learned a level 3 spell: Dazzling Flash
  1949 | D:3      | Reached XP level 4. HP: 24/24 MP: 11/11
  1981 | D:3      | Gained mutation: Your spells are a little easier to cast,
                  | but a little less powerful. [potion of mutation]
  1981 | D:3      | Gained mutation: You possess an exceptional clarity of
                  | mind. [potion of mutation]
  1982 | D:3      | Lost mutation: You possess an exceptional clarity of mind.
                  | [potion of mutation]
  1982 | D:3      | Lost mutation: Your spells are a little easier to cast, but
                  | a little less powerful. [potion of mutation]
  1982 | D:3      | Gained mutation: Your mind is acute. (Int +4, Str/Dex -1)
                  | [potion of mutation]
  1982 | D:3      | Gained mutation: You are clumsy. (Dex -2) [potion of
                  | mutation]
  1982 | D:3      | Gained mutation: You passively dampen the noise of your
                  | surroundings. [potion of mutation]
  1983 | D:3      | Lost mutation: You are clumsy. (Dex -2) [potion of
                  | mutation]
  1983 | D:3      | Lost mutation: You passively dampen the noise of your
                  | surroundings. [potion of mutation]
  1983 | D:3      | Lost mutation: Your mind is acute. (Int +4, Str/Dex -1)
                  | [potion of mutation]
  1983 | D:3      | Gained mutation: You are partially covered in iridescent
                  | scales. (AC +2) [potion of mutation]
  2016 | D:3      | Learned a level 4 spell: Fulminant Prism
  2277 | D:3      | Noticed an ogre
  2286 | D:3      | Slain by an ogre

Illustrated notes

Levels and vault maps discovered:
D:1:      lemuel_arrival_behind_the_door_small, layout_loops_ring
D:2:      layout_loops_ring
D:3:      layout_basic

Skill      XL: |  1  2  3  4 |
---------------+-------------+-----
Conjurations   | 5 |  5.7
Spellcasting   | 4 |  4.2
Short Blades   | |  0.1
Dodging        | |  2.8
Stealth        | |  2.9

Action                     |  1- 3 |  4- 6 || total
---------------------------+-------+-------++-------
  Melee: Dagger            |    25 |     6 ||    31
         Punch             |     1 |       ||     1
   Cast: Magic Dart        |    65 |    11 ||    76
         Searing Ray       |     1 |       ||     1
         Dazzling Flash    |       |     2 ||     2
    Use: Scroll            |     4 |     1 ||     5
         Potion            |       |     4 ||     4
   Stab: Sleeping          |     1 |       ||     1
 Armour: Robe              |    23 |     2 ||    25
  Dodge: Dodged            |    23 |     4 ||    27

Table legend: (Time is in decaauts)
 A = Elapsed time spent in this place.
 B = Non-inter-level travel time spent in this place.
 C = Inter-level travel time spent in this place.
 D = Time resting spent in this place.
 E = Time spent auto-exploring this place.
 F = Levels seen in this place.
 G = Mean time per level.
                   A        B        C        D        E       F      G
               +--------+--------+--------+--------+--------+-----+--------+
         Total |   2284 |   2248 |     36 |      0 |   1940 |   3 |  761.3 |
       Dungeon |   2284 |   2248 |     36 |      0 |   1940 |   3 |  761.3 |
               +--------+--------+--------+--------+--------+-----+--------+

Top non-repeatable levels by time:
     D:1: 877 daAuts
     D:2: 780 daAuts
     D:3: 626 daAuts
